 Dungeon Crawl Stone Soup version 0.27-a0-1060-gcb85b5eba1 (webtiles) character file.

Game seed: 6415854166786002650

4 wakim the Cudgeller (level 1, 0/16 HPs)
             Began as a Demonspawn Gladiator on Apr 21, 2021.
             Slain by a bat (1 damage)
             ... on level 1 of the Dungeon.
             The game lasted 00:00:56 (115 turns).

wakim the Cudgeller (Demonspawn Gladiator)           Turns: 115, Time: 00:00:57

Health: 0/16       AC:  4    Str: 14    XL:     1   Next: 50%
Magic:  1/1        EV: 12    Int:  9    God:
Gold:   33         SH:  0    Dex: 14    Spells: 0/0 levels left

rFire    . . .     SeeInvis .   a - +0 flail
rCold    . . .     Faith    .   (no shield)
rNeg     . . .     Spirit   .   b - +0 leather armour
rPois    .         Reflect  .   c - +0 helmet
rElec    .         Harm     .   (no cloak)
rCorr    .         Rampage  .   (no gloves)
Will     .....                  (no boots)
Stlth    +.........             (no amulet)
HPRegen  0.05/turn              (no ring)
MPRegen  0.07/turn              (no ring)

@: no status effects
A: no striking features
a: no special abilities


You were on level 1 of the Dungeon.
You visited 1 branch of the dungeon, and saw 1 of its levels.

You collected 33 gold pieces.

Inventory:

Hand Weapons
 a - a +0 flail (weapon)
Missiles
 d - 3 throwing nets {=f!f}
 e - 5 poisoned darts (quivered)
Armour
 b - a +0 leather armour (worn)
 c - a +0 helmet (worn)


   Skills:
 + Level 2.1 Fighting
 * Level 2.8 Maces & Flails
 - Level 1.7 Throwing
 + Level 2.7 Dodging


You couldn't memorise any spells.
You didn't know any spells.
Your spell library was empty.

Dungeon Overview and Level Annotations

Branches:
Dungeon (1/15)

Altars:


Message History

Things that are here:
a +0 short sword; a kobold corpse The bat hits you but does no damage. x2
The bat hits you but does no damage. The bat closely misses you.
Throw: 7 darts (poison)
Press: ? - help, Q - select action, (/) - cycle Shift-Dir - straight line, f - bat
Aim: a bat (44% to hit)
You throw a poisoned dart.
The poisoned dart barely misses the bat.
The bat completely misses you. The bat barely misses you.
Throw: 6 darts (poison)
Press: ? - help, Q - select action, (/) - cycle Shift-Dir - straight line, f/p - bat
Aim: a bat (44% to hit)
You throw a poisoned dart.
The poisoned dart completely misses the bat.
The bat hits you but does no damage.
Throw: 5 darts (poison)
Press: ? - help, Q - select action, (/) - cycle Shift-Dir - straight line, f/p - bat
Aim: a bat (44% to hit)
You throw a poisoned dart. The poisoned dart hits the bat.
The bat is poisoned.
The bat barely misses you. x2
The bat hits you but does no damage. The bat hits you but does no damage.
The bat barely misses you. The bat barely misses you.
The bat looks more healthy.
The bat hits you but does no damage. The bat hits you but does no damage.
The bat closely misses you. The bat barely misses you.
The bat hits you but does no damage.
A rat comes into view.
The bat hits you.
* * * LOW HITPOINT WARNING * * *
The quokka twitches its whiskers.
The bat barely misses you.
The rat moves out of view.
The bat hits you but does no damage. The bat closely misses you.
The bat hits you but does no damage.
You see here a poisoned dart.
e - 5 poisoned darts (gained 1)
The bat hits you but does no damage. The bat hits you.
You die...

#..#........#
####...........#
............##.#
######......##.#
########.....K+#(#
..............K##)#
...#####.#####.##)# #
.........# #.##(#..#
#.###..### #rb@....#
####...†.####..........#
##...........###.....#..#
#.............##.#..###..
#.............#......#...
#.............####.......
#.....≈≈≈.....# ......
#(...≈...≈....# .....
#....≈.<.≈....#


You could see a quokka and a bat.

Vanquished Creatures
  A bat (D:1)
  3 kobolds (D:1)
4 creatures vanquished.

Notes
Turn   | Place    | Note
-------+----------+-------------------------------------------
     0 | D:1      | wakim the Demonspawn Gladiator began the quest for the Orb.
     0 | D:1      | Reached XP level 1. HP: 16/16 MP: 1/1
   115 | D:1      | Slain by a bat

Illustrated notes

Levels and vault maps discovered:
D:1:      enne_arrival_octagon_isle, layout_basic, st_stairs_1,
          minmay_strange_pillars

Action                   || total
-------------------------++-------
Melee: Flail             ||    13
Throw: Dart              ||     8
Armor: Leather armour    ||    17
Dodge: Dodged            ||    26

Table legend: (Time is in decaauts)
 A = Elapsed time spent in this place.
 B = Non-inter-level travel time spent in this place.
 C = Inter-level travel time spent in this place.
 D = Time resting spent in this place.
 E = Time spent auto-exploring this place.
 F = Levels seen in this place.
 G = Mean time per level.
                   A        B        C        D        E       F      G
               +--------+--------+--------+--------+--------+-----+--------+
         Total |    117 |    117 |      0 |      0 |     46 |   1 |  117.0 |
       Dungeon |    117 |    117 |      0 |      0 |     46 |   1 |  117.0 |
               +--------+--------+--------+--------+--------+-----+--------+

Top non-repeatable levels by time:
     D:1: 117 daAuts
